 Dungeon Crawl Stone Soup version 0.28-a0-1152-g9c71ebef14 (webtiles) character file.

Game seed: 9350839777468746372

58 spaghetti the Skirmisher (level 4, 0/53 HPs)
             Began as an Ogre Delver on Dec 14, 2021.
             Slain by a hound (1 damage)
             ... on level 5 of the Dungeon.
             The game lasted 00:02:47 (1173 turns).

spaghetti the Skirmisher (Ogre Delver)              Turns: 1173, Time: 00:02:47

Health: 0/53       AC:  3    Str: 18    XL:     4   Next: 2%
Magic:  13/13      EV:  9    Int: 11    God:
Gold:   14         SH:  0    Dex: 10    Spells: 3/3 levels left

rFire   . . .      SeeInvis .   a - +0 mace {mace}
rCold   . . .      Faith    .   (no shield)
rNeg    . . .      Spirit   .   b - +0 robe
rPois   .          Reflect  .   (helmet restricted)
rElec   .          Harm     .   (no cloak)
rCorr   .          Rampage  .   (gloves unavailable)
Will    +....                   (boots unavailable)
Stlth   ++........              (no amulet)
HPRegen 0.17/turn               i - ring of willpower
MPRegen 0.13/turn               j - ring of magical power

@: no status effects
A: large, unfitting armour, tough skin 1
a: no special abilities


You were on level 5 of the Dungeon.
You visited 2 branches of the dungeon, and saw 4 of its levels.

You collected 14 gold pieces.


Innate Abilities, Weirdness & Mutations

You are too large for most types of armour.
You have tough skin. (AC +1)


   Skills:
 + Level 6.3 Fighting
 - Level 1.7 Maces & Flails
 - Level 1.7 Dodging
 - Level 3.7 Stealth


You had 3 spell levels left.
You didn't know any spells.
Your spell library was empty.

Inventory:

Hand Weapons
 a - a +0 mace (weapon) {mace}
Armour
 b - a +0 robe (worn)
Jewellery
 i - a ring of willpower (left hand)
   (You found it on level 6 of the Dungeon)
 j - a ring of magical power (right hand)
   (You found it on level 6 of the Dungeon)
Wands
 g - a wand of digging (1)
 h - a wand of polymorph (10)
   (You found it on level 6 of the Dungeon)
Scrolls
 c - a scroll of fog

Dungeon Overview and Level Annotations

Branches:
Dungeon (7/15)             Temple (1/1) D:6

Altars:
Dithmenos
Elyvilon
Gozag
Qazlal
Sif Muna
Trog
Xom
The Shining One

Annotations:
D:7 Pikel

*,* #.#.................###
*,#######..............#.......
*,.............#.##....#.......
#..............................
**#..######.#....................
,,.........................##..##
,,...............#..#......##..#
**#..####.###.#..#..#....####..#
*,,* #.# #.#h@..............##
***,,* #.# #.#..#...............
,,.,,** #.# #.#..#..#...........#
,,....###.###.#..#..#....##.#..##
,,..........................#..##
,,##.####.#...#..........[..#....
,,**,####.#.###..........####..##
,,,,.............................
,***###########.#####.##.##.#..#.


You could see a hound.


Message History

The orc hits you with a +0 flail.
* * * LOW HITPOINT WARNING * * *
The orc hits you with a +2 vampiric trident.
* * * LOW HITPOINT WARNING * * *
There is a stone staircase leading down, spattered with blood here.
Unknown command. 😨 HP[-14]
You take 14 damage, and now have 18/53 hp.
MASSIVE DAMAGE!! (PAUSE) Unknown command.
The orc closely misses you. 😨 HP[+1]
You aren't carrying any potions.
Okay, then.
Unknown command.
A hound comes into view. 😨 HP[+1]
The hound barks! 😨 HP[+1]
There is a stone staircase leading down, spattered with blood here. 😨 HP[+1]
You climb downwards.
Level annotation: Pikel
There is a stone staircase leading up here.
Unknown command.
Unknown command.
Okay, then.
You climb upwards.
The hound barely misses you. The hound closely misses you.
There is a stone staircase leading down, spattered with blood here.
Unknown command.
Unknown command.
The hound closely misses you. The hound bites you.
* * * LOW HITPOINT WARNING * * *
😨 HP[-3]
You take 3 damage, and now have 19/53 hp.
Okay, then.
You aren't carrying any potions.
Unknown command.
The hound barely misses you. The hound bites you.
* * * LOW HITPOINT WARNING * * *
😨 HP[-3]
You take 3 damage, and now have 16/53 hp.
The orc shouts! 😨 HP[+1]
The hound closely misses you.
There is a stone staircase leading up here.
The hound closely misses you. The orc closely misses you.
The hound bites you but does no damage.
You climb upwards.
There is a stone staircase leading down here.
Unknown command.
Unknown command.
Unknown command.
You closely miss the hound. The hound bites you.
* * * LOW HITPOINT WARNING * * *
The hound bites you.
* * * LOW HITPOINT WARNING * * *
😨 HP[-1]
You take 1 damage, and now have 16/53 hp.
Unknown command.
Unknown command.
You aren't carrying any potions.
Okay, then.
You hit the hound but do no damage. The hound bites you.
* * * LOW HITPOINT WARNING * * *
The hound bites you.
* * * LOW HITPOINT WARNING * * *
😱 HP[-5]
You take 5 damage, and now have 11/53 hp.
Unknown command.
Unknown command.
Okay, then.
Okay, then.
You aren't carrying any potions.
You miss the hound. The hound closely misses you. x2
You closely miss the hound. The hound bites you.
* * * LOW HITPOINT WARNING * * *
The hound bites you but does no damage. 😱 HP[-1]
You take 1 damage, and now have 10/53 hp.
Unknown command.
Unknown command.
You hit the hound. The hound bites you but does no damage. The hound bites you.
* * * LOW HITPOINT WARNING * * *
😱 HP[-4]
You take 4 damage, and now have 6/53 hp.
Unknown command.
Unknown command.
Okay, then.
Unknown command.
Unknown command.
You hit the hound. The hound barely misses you. The hound bites you.
* * * LOW HITPOINT WARNING * * *
😱 HP[-5]
You take 5 damage, and now have 1/53 hp.
Unknown command.
Unknown command.
You miss the hound. The hound bites you.
You die...

Skill      XL: |  1  2 |
---------------+-------+-----
Fighting       | 6 |  6.3
Maces & Flails | |  1.7
Dodging        | |  1.7
Stealth        | |  3.7

Action                   |  1- 3 |  4- 6 || total
-------------------------+-------+-------++-------
Melee: Mace              |    35 |     7 ||    42
Evoke: Wand              |     2 |       ||     2
  Use: Scroll            |     4 |       ||     4
       Potion            |     1 |       ||     1
 Stab: Distracted        |     1 |       ||     1
Armor: Robe              |    15 |     3 ||    18
Dodge: Dodged            |    22 |    12 ||    34

Levels and vault maps discovered:
D:5:      kennysheep_big_flooded_room, layout_basic,
          mainiacjoe_overflow_alcove_1
D:6:      layout_loops_ring, minmay_temple_entry_trees, st_stairs_3,
          hangedman_decor_riveting
D:7:      layout_basic, mainiacjoe_overflow_boulevard, uniq_menkaure,
          uniq_joseph, uniq_pikel
Temple:   oiseaux_autumnal_temple

Notes
Turn   | Place    | Note
-------+----------+-------------------------------------------
     0 | D:5      | spaghetti the Ogre Delver began the quest for the Orb.
     0 | D:5      | Reached XP level 1. HP: 24/24 MP: 1/1
     0 | D:5      | magus.rc [v1.9.6]
   139 | D:5      | Reached XP level 2. HP: 22/33 MP: 2/2
   248 | D:5      | Noticed an ogre
   277 | D:6      | Reached skill level 6 in Fighting
   277 | D:6      | Reached XP level 3. HP: 13/44 MP: 3/3
   397 | D:6      | Noticed an ice beast
   525 | D:6      | Found a staircase to the Ecumenical Temple.
   532 | D:6      | Noticed a sky beast
   533 | Temple   | Entered the Ecumenical Temple
   657 | D:6      | HP: 8/44 [something (6)]
   667 | D:6      | HP: 8/44 [sky beast (1)]
   667 | D:6      | HP: 3/44 [sky beast (5)]
   807 | D:5      | Noticed a scorpion
  1114 | D:6      | Reached XP level 4. HP: 30/53 MP: 4/4
  1125 | D:7      | Noticed Pikel
  1125 | D:7      | Noticed a lemure
  1125 | D:7      | Noticed a lemure
  1125 | D:7      | Noticed a lemure
  1168 | D:5      | HP: 12/53 [hound (4)]
  1172 | D:5      | HP: 1/53 [hound (5)]
  1173 | D:5      | Slain by a hound

Vanquished Creatures
  A bullfrog zombie (D:6)
  A howler monkey skeleton (D:5)
  An adder (D:6)
  An ufetubus (D:6)
4 creatures vanquished.

Table legend:
 A = Non-vault XP
 B = Vault XP
 C = Vault XP percentage of total XP
 D = Non-vault monster count
 E = Vault monster count
 F = Vault count percentage of total count
                 A         B        C        D         E       F
            +---------+---------+-------+---------+---------+-------
      Total |      35 |      49 |  58.3 |       3 |       1 |  25.0
            +---------+---------+-------+---------+---------+-------
        D:5 |      14 |       0 |   0.0 |       1 |       0 |   0.0
        D:6 |      21 |      49 |  70.0 |       2 |       1 |  33.3
            +---------+---------+-------+---------+---------+-------

Illustrated notes

Table legend:
 A = Kills in this place as a percentage of kills in entire the game.
 B = Kills by you in this place as a percentage of kills by you in the entire game.
 C = Kills by friends in this place as a percentage of kills by friends in the entire game.
 D = Other kills in this place as a percentage of other kills in the entire game.
 E = Experience gained in this place as a percentage of experience gained in the entire game.
 F = Experience gained in this place divided by the number of levels of this place that you have seen.
                   A       B       C       D       E      F
               +-------+-------+-------+-------+-------+----------------------
         Total | 100.0 | 100.0 |   N/A |   N/A | 100.0 |  21.0
       Dungeon | 100.0 | 100.0 |   N/A |   N/A | 100.0 |  28.0
               +-------+-------+-------+-------+-------+----------------------

Table legend: (Time is in decaauts)
 A = Elapsed time spent in this place.
 B = Non-inter-level travel time spent in this place.
 C = Inter-level travel time spent in this place.
 D = Time resting spent in this place.
 E = Time spent auto-exploring this place.
 F = Levels seen in this place.
 G = Mean time per level.
                   A        B        C        D        E       F      G
               +--------+--------+--------+--------+--------+-----+--------+
         Total |   1167 |   1129 |     38 |    392 |    467 |   4 |  291.8 |
       Dungeon |   1072 |   1062 |     10 |    392 |    412 |   3 |  357.3 |
        Temple |     95 |     67 |     28 |      0 |     55 |   1 |   95.0 |
               +--------+--------+--------+--------+--------+-----+--------+

Top non-repeatable levels by time:
     D:6: 667 daAuts
     D:5: 400 daAuts
  Temple: 95 daAuts
     D:7: 4 daAuts
